 Dungeon Crawl Stone Soup version 0.29.1-12-g30fa7ad0bf (webtiles) character file.

Game seed: 17999034636860333912

100 wrenrar the Merchant of Misery (level 4, -2/32 HPs)
             Began as a Gnoll Necromancer on Jan 8, 2023.
             Was a Believer of Kikubaaqudgha.
             Slain by a phantom (6 damage)
             ... on level 3 of the Dungeon.
             The game lasted 00:28:43 (2941 turns).

wrenrar the Merchant of Misery (Gnoll Necromancer)  Turns: 2941, Time: 00:28:44

Health: -2/32      AC:  3    Str:  8    XL:     4   Next: 74%
Magic:  11/11      EV: 14    Int: 14    God:    Kikubaaqudgha [**....]
Gold:   180        SH:  0    Dex: 14    Spells: 3/13 levels left

rFire   . . .      SeeInvis .   d - +0 short sword
rCold   . . .      Faith    +   (no shield)
rNeg    . . .      Spirit   .   a - +0 robe
rPois   .          Reflect  .   h - +0 helmet
rElec   .          Harm     .   (no cloak)
rCorr   .          Rampage  .   (no gloves)
Will    .....      Rage     3%  (no boots)
Stlth   +++.......              i - amulet of faith
HPRegen 0.10/turn               (no ring)
MPRegen 0.12/turn               (no ring)

@: brilliant, flying
A: fangs 1, strong nose, distributed training, berserk 1, sense surroundings 1
a: Renounce Religion, Unearth Wretches


You were on level 3 of the Dungeon.
You worshipped Kikubaaqudgha.
Kikubaaqudgha was pleased with you.
You visited 1 branch of the dungeon, and saw 3 of its levels.

You collected 180 gold pieces.

Inventory:

Hand Weapons
 d - a +0 short sword (weapon)
Armour
 a - a +0 robe (worn)
 h - a +0 helmet (worn)
 j - a +0 ring mail
 t - a +0 leather armour
Magical Staves
 o - a staff of death
Jewellery
 i - an amulet of faith (around neck)
 k - a ring of fire
Wands
 l - a wand of charming (9)
 p - a wand of flame (13)
Scrolls
 c - 6 scrolls of identify {unknown}
 f - 4 scrolls of enchant weapon {unknown}
 g - 2 scrolls of magic mapping {unknown}
 r - 2 scrolls of teleportation {unknown}
 s - a scroll of silence {unknown}
 u - a scroll of amnesia {unknown}
Potions
 b - a potion of magic
 m - a potion of flight
 n - a potion of brilliance


   Skills:
 + Level 1.2 Fighting
 + Level 1.2 Short Blades
 + Level 1.2 Long Blades
 + Level 1.2 Axes
 + Level 1.2 Maces & Flails
 + Level 1.2 Polearms
 + Level 1.2 Staves
 + Level 1.2 Ranged Weapons
 + Level 1.2 Throwing
 + Level 1.2 Armour
 + Level 4.7 Dodging
 + Level 4.3 Stealth
 + Level 1.2 Shields
 + Level 1.2 Unarmed Combat
 + Level 5.1 Spellcasting
 + Level 1.0 Conjurations
 + Level 1.0 Hexes
 + Level 1.0 Summonings
 + Level 7.1 Necromancy
 + Level 1.0 Translocations
 + Level 1.0 Transmutations
 + Level 1.0 Fire Magic
 + Level 1.0 Ice Magic
 + Level 1.0 Air Magic
 + Level 1.0 Earth Magic
 + Level 1.0 Poison Magic
 + Level 1.4 Invocations
 + Level 1.2 Evocations


You had 3 spell levels left.
You knew the following spells:

 Your Spells              Type           Power      Damage    Failure   Level
a - Necrotise             Necr           100%       1d9       1%          1
b - Sublimation of Blood  Necr           35%        N/A       1%          2
c - Vampiric Draining     Necr           35%        2d8       2%          3
d - Animate Dead          Necr           35%        N/A       9%          4

Your spell library contained the following spells:

 Spells                   Type           Power      Damage    Failure   Level
 Beastly Appendage        Tmut           18%        N/A       11%         1
 Wereblood                Tmut           9%         N/A       17%         2
 Spider Form              Tmut/Pois      9%         N/A       32%         3
 Summon Guardian Golem    Hex/Summ       9%         N/A       32%         3
 Agony                    Necr           35%        N/A       26%         5
 Anguish                  Hex/Necr       11%        N/A       32%         4
 Orb of Destruction       Conj           4%         9d5       100%        7
 Spellforged Servitor     Conj/Summ      4%         N/A       100%        7


Dungeon Overview and Level Annotations

Branches:
Dungeon (3/15)

Altars:
Gozag
Kikubaaqudgha
Uskayaw

Annotations:
D:3 3 runed translucent doors, 0gre's ghost, amateur GnIE


Innate Abilities, Weirdness & Mutations

You have very sharp teeth.
Your uncanny sense of smell can sniff out nearby items.
Your experience applies equally to all skills.
You sometimes lose your temper in combat.
You passively map a small area around you.


Message History

The phantom is moderately damaged.
The phantom hits you.
* * * LOW HITPOINT WARNING * * *
The phantom blinks!
You blink.
You barely miss the phantom.
The phantom is moderately damaged.
The phantom hits you.
* * * LOW HITPOINT WARNING * * *
The phantom blinks!
You blink.
It was a potion of flight.
You feel very buoyant.
You fly up into the air.
The phantom closely misses you.
It was a potion of brilliance.
You feel clever all of a sudden.
The phantom hits you but does no damage.
It was a potion of mutation.
You feel extremely strange.
You feel a little pissed off.
You feel a strange attunement to the structure of the dungeons.
The phantom closely misses you.
It was a potion of curing.
You feel better. The phantom completely misses you.
Casting: Necrotise (safe; 1% risk of failure)
Confirm with . or Enter, or press ? or * to list all spells.
Okay, then.
You hit the phantom.
The phantom is moderately damaged.
The phantom hits you.
The phantom blinks!
You blink.
You hit the phantom.
The phantom is moderately damaged.
The phantom hits you.
* * * LOW HITPOINT WARNING * * *
You barely miss the phantom.
The phantom is moderately damaged.
The phantom hits you.
* * * LOW HITPOINT WARNING * * *
The phantom blinks!
You blink.
You barely miss the phantom. Your bite misses the phantom.
The phantom is moderately damaged.
The phantom hits you.
You die...
Kikubaaqudgha rasps: "You have failed me!
Welcome... death!"

* , , , #.~ .....~ * * *
####.# ≈≈~~~ * , #....##~~~~
. #........., , . #......^#*
* #. #.......# ⌠
#.###.......# #...#...@...#
#....W(...# ##........#
########....####
#......§###...### #...§.§.#
###...# #......$# ###.#
#.......# #.###
#.......#######...##########


You could see a phantom.

Vanquished Creatures
  A water moccasin (D:1)
  Jessica (D:3)
  Robin (D:2)
  An adder (D:2)
  2 dart slugs
  An orc (D:1)
  An endoplasm (D:1)
  2 giant cockroaches
  7 hobgoblins
  11 jackals
  4 kobolds
  2 ball pythons
  2 bats (D:1)
  A frilled lizard (D:1)
  9 goblins
  A rat (D:1)
47 creatures vanquished.

Vanquished Creatures (collateral kills)
  A goblin (D:2)
  A jackal (D:3)
2 creatures vanquished.

Grand Total: 49 creatures vanquished

Notes
Turn   | Place    | Note
-------+----------+-------------------------------------------
     0 | D:1      | wrenrar the Gnoll Necromancer began the quest for the Orb.
     0 | D:1      | Reached XP level 1. HP: 13/13 MP: 6/6
   264 | D:1      | Reached XP level 2. HP: 2/19 MP: 3/7
   620 | D:1      | Found a faded altar of an unknown god.
   629 | D:1      | Prayed at the altar of an unknown god.
   629 | D:1      | Became a worshipper of Kikubaaqudgha
   629 | D:1      | Reached * piety under Kikubaaqudgha
   629 | D:1      | Received a gift from Kikubaaqudgha
  1480 | D:2      | Noticed Robin
  1491 | D:2      | Reached skill level 5 in Spellcasting
  1491 | D:2      | Reached XP level 3. HP: 23/25 MP: 4/9
  1501 | D:2      | Killed Robin
  1502 | D:2      | Reached skill level 1 in Invocations
  1553 | D:2      | Reached skill level 1 in Fighting
  1553 | D:2      | Reached skill level 1 in Short Blades
  1553 | D:2      | Reached skill level 1 in Long Blades
  1553 | D:2      | Reached skill level 1 in Axes
  1553 | D:2      | Reached skill level 1 in Maces & Flails
  1553 | D:2      | Reached skill level 1 in Polearms
  1553 | D:2      | Reached skill level 1 in Staves
  1553 | D:2      | Reached skill level 1 in Ranged Weapons
  1553 | D:2      | Reached skill level 1 in Throwing
  1553 | D:2      | Reached skill level 1 in Armour
  1553 | D:2      | Reached skill level 1 in Shields
  1553 | D:2      | Reached skill level 1 in Unarmed Combat
  1553 | D:2      | Reached skill level 1 in Evocations
  1762 | D:2      | Found a hide-covered altar of Uskayaw.
  1837 | D:2      | Reached XP level 4. HP: 22/32 MP: 11/11
  2514 | D:3      | Found a runed translucent gate.
  2514 | D:3      | Found a runed translucent gate.
  2514 | D:3      | Found a runed translucent gate.
  2524 | D:3      | Found an opulent altar of Gozag.
  2528 | D:3      | Noticed 0gre's ghost (amateur GnIE)
  2570 | D:3      | Reached ** piety under Kikubaaqudgha
  2574 | D:3      | Learned a level 2 spell: Sublimation of Blood
  2578 | D:3      | Learned a level 3 spell: Vampiric Draining
  2583 | D:3      | Learned a level 4 spell: Animate Dead
  2798 | D:3      | Noticed Jessica
  2804 | D:3      | Killed Jessica
  2805 | D:3      | Reached skill level 1 in Conjurations
  2805 | D:3      | Reached skill level 1 in Hexes
  2805 | D:3      | Reached skill level 1 in Summonings
  2805 | D:3      | Reached skill level 1 in Translocations
  2805 | D:3      | Reached skill level 1 in Transmutations
  2805 | D:3      | Reached skill level 1 in Fire Magic
  2805 | D:3      | Reached skill level 1 in Ice Magic
  2805 | D:3      | Reached skill level 1 in Air Magic
  2805 | D:3      | Reached skill level 1 in Earth Magic
  2805 | D:3      | Reached skill level 1 in Poison Magic
  2914 | D:3      | Noticed a phantom
  2933 | D:3      | HP: 1/32 [phantom (5)]
  2936 | D:3      | Gained mutation: You sometimes lose your temper in combat.
                  | [potion of mutation]
  2936 | D:3      | Gained mutation: You passively map a small area around you.
                  | [potion of mutation]
  2941 | D:3      | Slain by a phantom

Illustrated notes

Levels and vault maps discovered:
D:1:      dpeg_arrival_simpleton_a, layout_basic,
          chequers_ecumenical_altar_simple_redux
D:2:      layout_loops_ring, basic_altar, uniq_robin
D:3:      layout_basic, minitemple, cheibrodos_sewer_entry_sluice,
          ebering_ghost_gozag, uniq_jessica

Skill      XL: |  1  2  3  4 |
---------------+-------------+-----
Spellcasting   | 5 |  5.1
Invocations    | 1 |  1.4
Fighting       | 1 |  1.2
Short Blades   | 1 |  1.2
Long Blades    | 1 |  1.2
Axes           | 1 |  1.2
Maces & Flails | 1 |  1.2
Polearms       | 1 |  1.2
Staves         | 1 |  1.2
Ranged Weapons | 1 |  1.2
Throwing       | 1 |  1.2
Armour         | 1 |  1.2
Shields        | 1 |  1.2
Unarmed Combat | 1 |  1.2
Evocations     | 1 |  1.2
Conjurations   | 1 |  1.0
Hexes          | 1 |  1.0
Summonings     | 1 |  1.0
Translocations | 1 |  1.0
Transmutations | 1 |  1.0
Fire Magic     | 1 |  1.0
Ice Magic      | 1 |  1.0
Air Magic      | 1 |  1.0
Earth Magic    | 1 |  1.0
Poison Magic   | 1 |  1.0
Dodging        | |  4.7
Stealth        | |  4.3
Necromancy     | |  7.1

Action                   |  1- 3 |  4- 6 || total
-------------------------+-------+-------++-------
Melee: Short sword       |    60 |    15 ||    75
       Unarmed           |     4 |       ||     4
       Bite              |     3 |     4 ||     7
       Staff             |       |    36 ||    36
       Punch             |       |     2 ||     2
 Cast: Necrotise         |    28 |    12 ||    40
       Sublimation of Bl |       |     1 ||     1
Invok: Unearth Wretches  |     1 |       ||     1
  Use: Potion            |     1 |     4 ||     5
 Stab: Sleeping          |     4 |       ||     4
       Distracted        |     1 |       ||     1
Armor: Robe              |    24 |    12 ||    36
Dodge: Dodged            |    56 |    49 ||   105
